Map: Lerilak Crest

Players

llllllllllll - Winner!

  • Race: Protoss Protoss
  • League: Platinum

LilDicky

  • Race: Terran Terran
  • League: Diamond

VOD

http://www.twitch.tv/tumescentpie

Description

Time

  • Played on: Dec. 6, 2015, 2:47 p.m.
  • Length: 3:57
Show
View Real Time Build Order
Export as new Build Order

llllllllllll Protoss - Winner!

Build Orders:  

Get SALT Encoding   

  12  0:02  Probe (Chrono Boost)  
  13  0:13  Probe (Chrono Boost)  
  14  0:20  Pylon  
  14  0:25  Probe (Chrono Boost)  
  15  0:38  Probe (Chrono Boost)  
  16  0:49  Probe (Chrono Boost)  
  17  0:50  Gateway  
  17  0:59  Probe (Chrono Boost)  
  17  1:02  Assimilator  
  17  1:04  Assimilator  
  18  1:10  Probe (Chrono Boost)  
  19  1:16  Pylon  
  19  1:20  Probe (Chrono Boost)  
  20  1:31  Probe (Chrono Boost)  
  21  1:39  Cybernetics Core  
  21  1:41  Zealot (Chrono Boost)  
  23  1:59  Gateway  
  22  2:02  Probe  
  22  2:05  Zealot (Chrono Boost)  
  25  2:16  Mothership Core (Chrono Boost)  
  27  2:33  Adept  
  27  2:35  Probe (Chrono Boost)  
  30  2:46  Probe (Chrono Boost)  
  31  2:54  Robotics Facility  
  31  2:58  Pylon  
  31  3:03  Pylon  
  31  3:09  Pylon  
  31  3:15  Probe (Chrono Boost)  
  30  3:25  Probe (Chrono Boost)  
Show
View Real Time Build Order
Export as new Build Order

LilDicky Terran 

Build Orders:  

Get SALT Encoding   

  12  0:01  SCV  
  13  0:14  SCV  
  13  0:17  Supply Depot  
  14  0:27  SCV  
  15  0:33  Refinery  
  15  0:42  Barracks  
  15  0:47  SCV  
  16  0:59  SCV  
  17  1:21  SCV  
  18  1:31  Marine  
  19  1:34  Supply Depot, Orbital Command  
  19  1:49  Factory, Marine  
  20  2:03  Barracks  
  20  2:13  Barracks Reactor, Barracks  
  20  2:20  SCV  
  21  2:28  Refinery  
  21  2:32  SCV  
  22  2:55  Marine  
  22  2:56  Marine  
  22  3:15  Barracks Tech Lab x2  
  22  3:16  Widow Mine  
  21  3:23  Bunker  
  20  3:27  Bunker, Marine x2  
  20  3:29  SCV  
  23  3:37  Marine  
Tags
 
Add a new tag
Caveats
  • Supply blocks, unpowered buildings, or Contaminate may cause inaccurate times.
  • Supply counts are checked every 10 seconds.